 Dungeon Crawl Stone Soup version 0.28-a0-533-g9f97627e2a (webtiles) character file.

Game seed: 13836118362846538516

7142 Shayle the Spear-Bearer (level 11, -1/113 HPs)
             Began as an Ogre Warper on Sept 25, 2021.
             Was an Elder of the Shining One.
             Slain by a freezing wraith (16 damage)
             ... on level 9 of the Dungeon.
             The game lasted 00:40:35 (15112 turns).

Shayle the Spear-Bearer (Ogre Warper)              Turns: 15112, Time: 00:40:36

Health: -1/113     AC:  4    Str: 17    XL:     11   Next: 10%
Magic:  0/20       EV: 12    Int: 17    God:    the Shining One [****..]
Gold:   579        SH:  0    Dex: 14    Spells: 5/22 levels left

rFire   + . .      SeeInvis .   i - +5 bardiche of the Weasel {venom, Contam rF+ rN+}
rCold   . . .      Faith    .   (shield currently unavailable)
rNeg    + + +      Spirit   +   g - +0 robe "Awnits" {Fly rElec Archmagi}
rPois   +          Reflect  .   (helmet restricted)
rElec   +          Harm     .   E - +0 cloak
rCorr   .          Rampage  .   (gloves unavailable)
Will    +....      Archmagi +   (boots unavailable)
Stlth   +.........              e - amulet of guardian spirit
HPRegen 0.28/turn               s - ring of Wafaco {rPois Dex+6}
MPRegen 0.17/turn               (no ring)

@: about to teleport, flying, slowed, glowing, very slow
A: large, unfitting armour, tough skin 1
a: Renounce Religion, Divine Shield, Cleansing Flame


You were on level 9 of the Dungeon.
You worshipped the Shining One.
The Shining One was greatly pleased with you.
You visited 2 branches of the dungeon, and saw 11 of its levels.
You also visited: Ossuary.

You collected 629 gold pieces.
You spent 50 gold pieces at shops.

Inventory:

Hand Weapons
 a - a +0 spear
 d - a +0 giant spiked club
 f - a +4 whip of draining
 i - the +5 bardiche of the Weasel (weapon) {venom, Contam rF+ rN+}
   (You acquired it in the Ecumenical Temple)

   It poisons the flesh of those it strikes.
   rF:        It protects you from fire.
   rN:        It protects you from negative energy.
   Contam:    It causes magical contamination when unequipped.
Missiles
 l - 2 throwing nets (quivered)
 B - 2 boomerangs
Armour
 b - a +1 robe
 g - the +0 robe "Awnits" (worn) {Fly rElec Archmagi}
   (You found it on level 4 of the Dungeon)

   rElec:     It insulates you from electricity.
   Fly:       It grants you flight.
   Archmagi:  It increases the power of your magical spells.
 E - a +0 cloak (worn)
Jewellery
 e - an amulet of guardian spirit (around neck)
 j - a ring of fire
 s - the ring of Wafaco (left hand) {rPois Dex+6}
   (You acquired it on level 8 of the Dungeon)

   [ring of dexterity]

   Dex:       It affects your dexterity (+6).
   rPois:     It protects you from poison.
Wands
 c - a wand of flame (21)
 k - a wand of digging (10)
 p - a wand of paralysis (1)
 t - a wand of iceblast (2)
Scrolls
 o - a scroll of vulnerability {unknown}
 q - 5 scrolls of fear
 v - a scroll of silence {unknown}
 x - 3 scrolls of blinking
 C - a scroll of amnesia
 D - a scroll of summoning
Potions
 h - a potion of haste
 m - 2 potions of resistance
 n - a potion of heal wounds
 r - a potion of berserk rage {unknown}
 w - a potion of brilliance
 z - 2 potions of curing
 A - 2 potions of cancellation
 F - 3 potions of mutation {unknown}


   Skills:
 - Level 8.5 Fighting
 + Level 9.4 Polearms
 - Level 1.0 Throwing
 - Level 6.0 Dodging
 + Level 6.0 Spellcasting
 - Level 8.6 Translocations
 + Level 2.3 Air Magic
 + Level 2.9 Invocations


You had 5 spell levels left.
You knew the following spells:

 Your Spells              Type           Power      Damage    Failure   Level
a - Blink                 Tloc           N/A        N/A       1%          2
b - Teleport Other        Tloc           51%        N/A       1%          3
c - Gell's Gravitas       Tloc           25%        N/A       1%          3
d - Manifold Assault      Tloc           51%        N/A       11%         5
e - Airstrike             Air            9%         N/A       43%         4

Your spell library contained the following spells:

 Spells                   Type           Power      Damage    Failure   Level
 Lesser Beckoning         Tloc           51%        N/A       1%          3
 Shock                    Conj/Air       52%        1d6       8%          1
 Swiftness                Air            19%        N/A       14%         3


Dungeon Overview and Level Annotations

Branches:
Dungeon (10/15)            Temple (1/1) D:4         Ossuary (visited)
   Lair: D:8-11         Orc: D:9-12

Altars:
Ashenzari
Cheibriados
Dithmenos
Elyvilon
Fedhas
Gozag
Kikubaaqudgha
Nemelex Xobeh
Okawaru
Qazlal
Uskayaw
Vehumet
Wu Jian
Xom
Yredelemnul
Zin
The Shining One

Shops:
D:2 [!*   D:8 [


Innate Abilities, Weirdness & Mutations

You are too large for most types of armour.
You have tough skin. (AC +1)


Message History

There is a stone staircase leading down here.
You start resting.
Magic restored.
You start resting.
HP restored.
(D) Dungeon (T) Temple
Where to? (Enter - D:8 @ (x,y), ? - help)
You fly downwards.
The freezing wraith barely misses you. The freezing wraith closely misses you.
The freezing wraith misses you. The freezing wraith hits you!
The freezing wraith drains your vigour!
You feel yourself slow down.
There is a stone staircase leading up here.
You barely miss the freezing wraith. The freezing wraith barely misses you.
The freezing wraith completely misses you.
The freezing wraith hits you. The freezing wraith freezes you!
The freezing wraith hits you but does no damage.
You hit the freezing wraith but do no damage.
The freezing wraith hits you! The freezing wraith freezes you!
The freezing wraith barely misses you.
The freezing wraith hits you but does no damage.
The freezing wraith closely misses you.
You slash the freezing wraith!
The freezing wraith is moderately damaged.
The freezing wraith hits you but does no damage.
The freezing wraith barely misses you. The freezing wraith hits you!
The freezing wraith freezes you! The freezing wraith hits you.
The freezing wraith drains your vigour!
You feel as though you will be slow longer.
You hit the freezing wraith but do no damage.
The freezing wraith is moderately damaged.
The freezing wraith hits you! The freezing wraith freezes you!
The freezing wraith barely misses you. The freezing wraith hits you.
The freezing wraith freezes you!
* * * LOW HITPOINT WARNING * * *
The freezing wraith misses you.
As you read the scroll of teleportation, it crumbles to dust.
You feel strangely unstable. The freezing wraith hits you!
* * * LOW HITPOINT WARNING * * *
The freezing wraith freezes you!!
You die...

###### #@W..# #.####
#.## ...#..## #...#..#
#...##.# #########
##...#.## ........#
#####..#..# ........#
#.[.##.##.####........#


You could see a freezing wraith.

Vanquished Creatures
  Harold (D:7)
  Pikel (D:6)
  A cyclops (D:9)
  Maurice (D:8)
  2 kobold demonologists
  A wyvern (D:9)
  Grum (D:8)
  A steam dragon (D:7)
  An acid dragon (D:8)
  A sky beast (D:6)
  5 orc warriors
  A hornet zombie (D:5)
  3 ice beasts (D:6)
  2 necrophages
  5 centaurs
  3 wolves (D:7)
  2 phantoms
  3 elf zombies (Ossuary)
  2 bullfrogs
  2 kobold brigands
  A wyvern zombie (D:7)
  A water moccasin zombie (D:6)
  A gnoll sergeant (D:8)
  5 killer bees (D:7)
  4 wights (D:9)
  A centaur zombie (D:9)
  A bullfrog zombie (D:7)
  2 hounds (D:5)
  2 human zombies
  3 orc priests
  A centaur skeleton (D:4)
  2 iguanas
  2 orc wizards (D:4)
  Natasha (D:1)
  2 human skeletons (D:8)
  A hound zombie (D:5)
  2 mummies (Ossuary)
  11 gnolls
  3 adders
  A shadow imp (D:8)
  2 white imps
  3 adder skeletons (D:4)
  2 adder zombies (Ossuary)
  2 worms (D:2)
  2 dart slugs
  21 orcs
  5 bats
  6 endoplasms
  4 giant cockroaches
  8 goblins
  7 hobgoblins
  18 kobolds
  3 quokkas
  6 ball pythons
  2 frilled lizards
  2 goblin zombies (Ossuary)
  11 hobgoblin zombies (Ossuary)
  A jackal skeleton (D:4)
  A jackal zombie (Ossuary)
  9 kobold zombies (Ossuary)
  3 orc skeletons (D:8)
  4 orc zombies (Ossuary)
  5 rats
  3 rat zombies (Ossuary)
216 creatures vanquished.

Vanquished Creatures (collateral kills)
  A two-headed ogre (D:4)
  A scorpion (D:6)
  A water moccasin skeleton (D:6)
3 creatures vanquished.

Grand Total: 219 creatures vanquished

Notes
Turn   | Place    | Note
-------+----------+-------------------------------------------
     0 | D:1      | Shayle the Ogre Warper began the quest for the Orb.
     0 | D:1      | Reached XP level 1. HP: 22/22 MP: 3/3
   239 | D:1      | HP: 1/22 [gnoll (3)]
   242 | D:1      | Reached XP level 2. HP: 2/31 MP: 5/5
   547 | D:1      | You fall into a shaft and drop 1 floor!
   547 | D:2      | Noticed Natasha
   562 | D:2      | Found a stormy altar of Qazlal.
   944 | D:1      | Reached XP level 3. HP: 37/37 MP: 6/6
  1231 | D:1      | Found a faded altar of an unknown god.
  1606 | D:1      | Killed Natasha
  1607 | D:1      | Reached XP level 4. HP: 28/48 MP: 7/7
  1855 | D:2      | You fall into a shaft and drop 1 floor!
  2019 | D:2      | Found Apef's Armour Boutique.
  2098 | D:2      | Reached skill level 3 in Polearms
  2338 | D:2      | Found Gasaobla's Distillery.
  2660 | D:2      | Reached XP level 5. HP: 31/55 MP: 8/8
  2951 | D:2      | Bought a potion of heal wounds for 50 gold pieces
  3041 | D:2      | Found Zimiz's Assorted Antiques.
  3295 | D:3      | Found an iron altar of Okawaru.
  3611 | D:3      | Noticed a kobold brigand
  3635 | D:3      | Killed a kobold brigand
  3951 | D:3      | Reached skill level 5 in Fighting
  4205 | D:4      | Reached XP level 6. HP: 29/60 MP: 9/9
  4386 | D:4      | Noticed a two-headed ogre
  5510 | D:4      | Reached skill level 4 in Polearms
  5700 | D:4      | Noticed an orc warrior
  5739 | D:4      | HP: 3/67 [white imp/puff of frost (8)]
  6076 | D:4      | Found a snail-covered altar of Cheibriados.
  6079 | D:4      | You fall into a shaft and drop 3 floors!
  6138 | D:6      | Noticed an ice beast
  6153 | D:6      | Killed an ice beast
  6154 | D:6      | Reached XP level 7. HP: 75/75 MP: 10/10
  6208 | D:5      | Entered Level 5 of the Dungeon
  6390 | D:5      | Found a glowing silver altar of Zin.
  6591 | D:4      | Killed a two-headed ogre
  6592 | D:4      | Reached skill level 6 in Polearms
  6592 | D:4      | Reached skill level 5 in Dodging
  6592 | D:4      | Reached XP level 8. HP: 19/88 MP: 11/11
  7419 | D:4      | Learned a level 2 spell: Blink
  7423 | D:4      | Learned a level 3 spell: Teleport Other
  7427 | D:4      | Learned a level 3 spell: Gell's Gravitas
  7527 | D:4      | Identified the +0 robe "Awnits" {Fly rElec Archmagi}
  7738 | D:4      | Found an opulent altar of Gozag.
  7738 | D:4      | Found an ancient bone altar of Kikubaaqudgha.
  7764 | D:4      | Found a staircase to the Ecumenical Temple.
  7770 | Temple   | Entered the Ecumenical Temple
  7879 | Temple   | Became a worshipper of the Shining One
  7881 | Temple   | Identified a scroll of acquirement
  7881 | Temple   | Acquired the +5 bardiche of the Weasel {venom, Contam rF+
                  | rN+}
  8832 | D:6      | Reached XP level 9. HP: 28/97 MP: 12/12
  9397 | D:6      | Noticed Pikel
  9405 | D:6      | Killed Pikel
  9406 | D:6      | Reached skill level 7 in Polearms
  9406 | D:6      | Reached skill level 5 in Translocations
  9880 | D:6      | Found a shadowy altar of Dithmenos.
  9889 | D:6      | Found a radiant altar of Vehumet.
 10041 | D:6      | Found a stormy altar of Qazlal.
 10502 | D:7      | Found a white marble altar of Elyvilon.
 10883 | D:7      | Reached skill level 8 in Polearms
 11233 | D:7      | Reached XP level 10. HP: 54/106 MP: 14/14
 11736 | D:7      | Noticed Harold
 11755 | D:7      | Killed Harold
 12256 | D:8      | Reached * piety under the Shining One
 12504 | D:8      | Found a sand-covered staircase.
 12510 | Ossuary  | Entered an ossuary
 12553 | Ossuary  | Reached ** piety under the Shining One
 12662 | Ossuary  | Reached *** piety under the Shining One
 12729 | Ossuary  | Reached **** piety under the Shining One
 12913 | D:8      | Acquired the ring of Wafaco {rPois Dex+6}
 12998 | D:8      | Found Nysoty's Antique Armour Shoppe.
 13003 | D:8      | Noticed Grum
 13158 | D:8      | Killed Grum
 13424 | D:8      | Found a blossoming altar of Fedhas.
 14045 | D:8      | Noticed Maurice
 14053 | D:8      | Killed Maurice
 14054 | D:8      | Reached skill level 5 in Spellcasting
 14228 | D:9      | Reached skill level 9 in Polearms
 14249 | D:8      | Learned a level 5 spell: Manifold Assault
 14254 | D:8      | Learned a level 4 spell: Airstrike
 14371 | D:9      | Noticed a kobold demonologist
 14379 | D:8      | Killed a kobold demonologist
 14380 | D:8      | Reached skill level 1 in Invocations
 14402 | D:9      | Reached skill level 1 in Air Magic
 14701 | D:9      | Noticed a kobold demonologist
 14712 | D:9      | Noticed a sun demon
 14714 | D:9      | Killed a kobold demonologist
 14715 | D:9      | Reached XP level 11. HP: 79/113 MP: 10/19
 14923 | D:9      | Noticed a cyclops
 14926 | D:9      | Killed a cyclops
 14933 | D:10     | Entered Level 10 of the Dungeon
 15112 | D:9      | Slain by a freezing wraith

Illustrated notes

Levels and vault maps discovered:
D:1:      minmay_arrival_pointy, layout_loops_ring,
          ebering_ecumenical_altar_rust, hangedman_decor_push,
          chequers_serial_rivers_room_a
D:2:      layout_basic, basic_altar, serial_shops, nicolae_shop_stone, shop,
          shop, uniq_natasha
D:3:      cheibrodos_thug_alley, layout_rooms, mainiacjoe_overflow_catwalk
D:4:      layout_basic, mainiacjoe_overflow_divided_tiny, cheibriados_altar_1,
          minmay_temple_entry_fiery, serial_glass, glass_columns_a,
          glass_columns_c, glass_columns_b, glass_columns_a, glass_columns_b,
          glass_columns_c, glass_columns_a, glass_columns_a, glass_columns_b,
          glass_columns_b
D:5:      layout_basic, nicolae_overflow_crystal_walls
D:6:      layout_loops_ring, nicolae_qazlal_general_emergency,
          mainiacjoe_overflow_swirl, uniq_maggie, uniq_pikel
D:7:      layout_loops_ring, mainiacjoe_overflow_paths, serial_co_window_serial,
          co_window_paths_a, co_window_corner_a, co_window_of_opportunity_a,
          co_window_corner_a, co_window_corner_a, co_window_of_opportunity_b,
          co_window_of_opportunity_b, co_window_paths_c, co_window_paths_c,
          co_window_paths_d, co_window_4corner_b, glass_columns_c,
          glass_columns_a, grunt_ministairs_14, chequers_serial_rivers_micro_d,
          uniq_harold
D:8:      layout_cave_pools, fedhas_altar_1, serial_shops,
          nicolae_shop_temple_entry_statues_fountains,
          nicolae_ossuary_entry_catacombs, uniq_grum, uniq_maurice
D:9:      minmay_the_grid_triangle_9x9_recursive_2
          [minmay_the_grid_triangle_9x9_prize_schism,
          minmay_the_grid_triangle_9x9_negative_grid,
          minmay_the_grid_triangle_9x9_descending_squares,
          minmay_the_grid_triangle_9x9_sparse_checkered], layout_rooms,
          led_sif_pool, david_orc_5, chequers_serial_rivers_small_3,
          serial_bayou_lagoon_b
D:10:     layout_grid_maze, mainiacjoe_overflow_alcove_1, lemuel_round_altar,
          lair_entry_dummy, minivault_12
Temple:   jpeg_temple_island

Skill      XL: |  1  2  3  4  5  6  7  8  9 10 11 |
---------------+----------------------------------+-----
Fighting       | 3 4 5 6 7 8 |  8.5
Polearms       | 3 4 6 8 9 |  9.4
Dodging        | 3 4 5 6 |  6.0
Translocations | 3 6 8 |  8.6
Spellcasting   | 5 6 |  6.0
Invocations    | 2 |  2.9
Air Magic      | 1 2 |  2.3
Throwing       | |  1.0

Action                   |  1- 3 |  4- 6 |  7- 9 | 10-12 || total
-------------------------+-------+-------+-------+-------++-------
Melee: Spear             |   105 |    95 |       |       ||   200
       Whip              |       |   191 |    68 |       ||   259
       Bardiche          |       |       |   115 |   207 ||   322
Throw: Boomerang         |     5 |       |       |       ||     5
 Cast: Blink             |       |       |     5 |     1 ||     6
       Manifold Assault  |       |       |       |     4 ||     4
Evoke: Wand              |       |     7 |     9 |     1 ||    17
  Use: Scroll            |     2 |       |    13 |     5 ||    20
       Potion            |       |     5 |     1 |     3 ||     9
 Stab: Sleeping          |       |     1 |       |       ||     1
       Paralysed         |       |    25 |       |       ||    25
       Distracted        |       |       |     1 |       ||     1
Armor: Robe              |    26 |    75 |    37 |    49 ||   187
       Skin              |     5 |       |       |       ||     5
Dodge: Dodged            |    48 |   126 |   117 |   155 ||   446

Table legend: (Time is in decaauts)
 A = Elapsed time spent in this place.
 B = Non-inter-level travel time spent in this place.
 C = Inter-level travel time spent in this place.
 D = Time resting spent in this place.
 E = Time spent auto-exploring this place.
 F = Levels seen in this place.
 G = Mean time per level.
                   A        B        C        D        E       F      G
               +--------+--------+--------+--------+--------+-----+--------+
         Total |  15334 |  14960 |    374 |   4579 |   7425 |  12 | 1277.8 |
       Dungeon |  14755 |  14410 |    345 |   4464 |   7305 |  10 | 1475.5 |
        Temple |    143 |    114 |     29 |      0 |    103 |   1 |  143.0 |
       Ossuary |    435 |    435 |      0 |    115 |     17 |   1 |  435.0 |
               +--------+--------+--------+--------+--------+-----+--------+

Top non-repeatable levels by time:
     D:7: 2532 daAuts
     D:4: 2489 daAuts
     D:3: 2019 daAuts
     D:1: 1775 daAuts
     D:6: 1731 daAuts
     D:2: 1431 daAuts
     D:8: 1299 daAuts
     D:5: 795 daAuts
     D:9: 679 daAuts
 Ossuary: 435 daAuts
  Temple: 143 daAuts
    D:10: 1 daAuts
